 Dungeon Crawl Stone Soup version 0.17-a0-1655-g88a8506 (webtiles) character file.

85 kae the Firebug (level 4, -3/24 HPs)
             Began as a Tengu Fire Elementalist on Aug 15, 2015.
             Slain by a wight
             ... wielding a +2 falchion
              (8 damage)
             ... on level 3 of the Dungeon.
             The game lasted 00:02:29 (2564 turns).

kae the Firebug (Tengu Fire Elementalist)           Turns: 2564, Time: 00:02:29

Health: -3/24      AC:  4    Str:  8    XL:     4   Next: 48%
Magic:  9/9        EV: 12    Int: 22    God:
Gold:   90         SH:  0    Dex: 14    Spells: 1 memorised, 7 levels left

rFire  . . .     SeeInvis .     e - +2 dagger (venom)
rCold  . . .     Clarity  .     a - +0 robe
rNeg   . . .     SustAt   .     (no shield)
rPois  .         Gourm    .     (helmet restricted)
rElec  .         Spirit   .     (no cloak)
rCorr  +         Warding  .     f - +1 pair of gloves
rMut   .         Stasis   .     (boots unavailable)
MR     .....                    u - amulet of resist corrosion
Stlth  ++........               (no ring)
                                (no ring)

@: brilliant, drained, not resistant to hostile enchantments, unstealthy
A: beak, talons 3
a: no special abilities


You were on level 3 of the Dungeon.
You were not hungry.

You visited 1 branch of the dungeon, and saw 3 of its levels.

You collected 90 gold pieces.

Inventory:

Hand weapons
 e - a +2 dagger of venom (weapon)
 h - a +0 spear
Armour
 a - a +0 robe (worn)
 f - a +1 pair of gloves (worn)
Jewellery
 u - an amulet of resist corrosion (around neck)
Magical devices
 n - a wand of magic darts (29)
Scrolls
 g - 6 scrolls of identify
Potions
 d - 2 potions of flight
 l - a potion of lignification {unknown}
 m - a potion of brilliance
 o - 2 potions of ambrosia {unknown}
 q - a potion of curing {unknown}
Books
 b - a book of Flames

   Spells                             Type                      Level
   a - Flame Tongue                   Conjuration/Fire             1
   b - Throw Flame                    Conjuration/Fire             2
   c - Conjure Flame                  Conjuration/Fire             3
   d - Inner Flame                    Hexes/Fire                   3
   e - Sticky Flame                   Conjuration/Fire             4
   f - Fireball                       Conjuration/Fire             5
Comestibles
 c - a bread ration
 s - a meat ration


   Skills:
 - Level 2.1(1.8) Dodging
 - Level 2.0(1.6) Stealth
 + Level 2.6(2.3) Spellcasting
 * Level 3.8(3.5) Conjurations
 * Level 4.1(3.7) Fire Magic


You had 7 spell levels left.
You knew the following spells:

 Your Spells              Type           Power        Failure   Level  Hunger
a - Flame Tongue          Conj/Fire      ####.        1%          1    None


Dungeon Overview and Level Annotations

Branches:
Dungeon (3/15)

Altars:


Innate Abilities, Weirdness & Mutations

You have a beak for a mouth.
You have claws for feet.


Message History

Unknown command.
You hit the kobold.
The kobold is poisoned.
The kobold is severely wounded.
You kill the kobold!
The wight hits you with an enchanted morningstar!
You feel drained.
* * * LOW HITPOINT WARNING * * *
Unknown command.
You are too injured to fight recklessly!
You are too injured to fight recklessly!
Unknown command.
Read which item? (? for menu, Esc to quit)
Okay, then.
Drink which item? (? for menu, Esc to quit)
Okay, then.
Drink which item? (? for menu, Esc to quit)
It was a potion of brilliance.
You feel clever all of a sudden.
The wight hits you with an enchanted falchion!
You die...

################
#......#.@.....#
####......#zz.....#
.........(.....s..#
####......###z#####
...).....<....#
########÷#..#.#
#.#..#.## #†#.<#..#
...###.#z##..########


You could see 3 wights and a giant cockroach (sleeping).

Vanquished Creatures
  An adder (D:3)
  3 worms
  2 giant geckos
  4 bats
  4 giant cockroaches
  8 goblins
  9 hobgoblins
  10 kobolds
  5 giant newts
  9 jackals (D:2)
  9 rats
64 creatures vanquished.

Notes
Turn   | Place    | Note
--------------------------------------------------------------
     0 | D:1      | kae the Tengu Fire Elementalist began the quest for the Orb.
     0 | D:1      | Reached XP level 1. HP: 10/10 MP: 4/4
   556 | D:1      | Reached XP level 2. HP: 3/15 MP: 6/6
  1050 | D:1      | Reached XP level 3. HP: 19/19 MP: 7/7
  1627 | D:2      | Reached XP level 4. HP: 18/24 MP: 8/8
  2479 | D:3      | Reached skill level 4 in Fire Magic
  2564 | D:3      | Slain by a wight

Vault maps used:
D:1:      minmay_arrival_wavy_path
D:2:      kennysheep_generic_room_5
D:3:      grunt_gozag_statues, nicolae_qazlal_general_emergency, uniq_sigmund

Action                   |  1- 3 |  4- 6 || total
-------------------------+-------+-------++-------
Melee: Dagger            |   107 |    65 ||   172
       Unarmed           |     1 |       ||     1
 Cast: Flame Tongue      |    16 |     1 ||    17
  Use: Scroll            |       |     6 ||     6
       Potion            |       |     1 ||     1
 Stab: Sleeping          |     3 |     2 ||     5
       Distracted        |     1 |       ||     1
  Eat: Chunk             |     2 |     4 ||     6
